Cogmind - Beta 11 @@@ ROGUE MODE // 2022.03.25 @ 03:33:55 Player: Dytto Result: Destroyed by YI-UF0 with YI-UF0's Doublenader Performance ------------- Evolutions (0) 0 Regions Visited (2) 400 Robots Destroyed (8) 40 Value Destroyed (151) 151 Prototype IDs (0) 0 Alien Tech Used (0) 0 Bonus (0) 0 TOTAL SCORE: 591 Bonus ------- None Cogmind --------- Core Integrity 0/250 Matter 297/300 Energy 125/125 System Corruption 0% Temperature Cool (0) Movement Core (100) Ox1 Location -10/Mines Parts ------- > --- POWER (1) -------- Light Ion Engine > --- PROPULSION (2) --- (None) > --- UTILITY (2) ------ Sensor Array Power Shielding > --- WEAPON (2) ------- (None) > --- INVENTORY (5) ---- Light Ion Engine Improved Aluminum Leg Beam Rifle Spread Laser Light Cannon Peak State ------------ > --- POWER ------------ Light Ion Engine > --- PROPULSION ------- Improved Aluminum Leg Improved Aluminum Leg > --- UTILITY ---------- Sensor Array Power Shielding > --- WEAPON ----------- Particle Gun Assault Rifle > --- INVENTORY -------- Ion Engine Light Ion Engine Improved Aluminum Leg Beam Rifle Spread Laser [Rating: 10] Favorites ----------- Power Light Ion Engine Engine Light Ion Engine Propulsion Wheel Leg Improved Aluminum Leg Wheel Wheel Utility Sensor Array Device Sensor Array Protection Power Shielding Weapon Assault Rifle Energy Gun Particle Gun Ballistic Gun Assault Rifle Special Weapon Mining Laser Build | -11 -10 -10 ------- Run | Scr Mat Min Slots Evolved . | . . . Power . | . . . Propulsion . | . . . Utility . | . . . Weapon . | . . . Parts Attached 17 | 5 11 1 Power 4 | 1 3 . Engine 4 | 1 3 . Core . | . . . Reactor . | . . . Propulsion 6 | 2 4 . Treads . | . . . Leg 4 | . 4 . Wheel 2 | 2 . . Hover . | . . . Flight . | . . . Utility 2 | . 1 1 Device 1 | . 1 . Storage . | . . . Processor . | . . . Hackware . | . . . Protection 1 | . . 1 Artifact . | . . . Weapon 5 | 2 3 . Energy Gun 3 | 1 2 . Energy Cannon . | . . . Ballistic Gun 1 | 1 . . Ballistic Cannon . | . . . Launcher . | . . . Special Weapon 1 | . 1 . Impact Weapon . | . . . Slashing Weapon . | . . . Piercing Weapon . | . . . Special Melee Weapon . | . . . Unidentified Prototypes . | . . . Parts Lost 7 | . 3 4 Power 1 | . 1 . Propulsion 3 | . 1 2 Utility . | . . . Weapon 3 | . 1 2 Highest Loss Streak 4 | . 2 4 To Critical Strikes . | . . . Average Slot Usage (%) 75 | . 70 96 Engine 13 | . 13 14 Leg 15 | . 12 26 Wheel 11 | . 14 . Device 4 | . 1 14 Protection 2 | . . 12 Energy Gun 10 | . 9 14 Ballistic Gun 13 | . 14 13 Special Weapon 3 | . 4 . Naked Turns . | . . . Heaviest Build 10 | 8 9 10 Greatest Support 26 | 20 26 26 Greatest Overweight (x) 2 | . 2 2 Average Overweight (x) . | . . . Largest Inventory Capacity 5 | 5 5 5 Average Capacity 5 | 5 5 5 Most Carried 5 | 1 5 5 Average Carried 3 | . 3 4 Final Capacity 5 | 5 5 5 Final Carried 5 | 1 5 5 Class Distribution -------------------- 100% | Mutant Dominant Class ---------------- Mutant | -10/Materials Mutant | -10/Mines Resources | -11 -10 -10 ----------- Run | Scr Mat Min Matter Collected 401 | 152 249 . Remotely . | . . . Salvage Created 174 | . 174 . Parts 12 | . 12 . Haulers Intercepted . | . . . Recyclers Shooed . | . . . Parts Field Recycled . | . . . Retrieved Matter . | . . . Parts Self-Destructed . | . . . Prevented . | . . . Kills | -11 -10 -10 ------- Run | Scr Mat Min Combat Hostiles Destroyed 8 | . 8 . Guns 8 | . 8 . Classes Destroyed 2 | . 2 . Swarmer 6 | . 6 . Grunt 2 | . 2 . Best Kill Streak 3 | . 3 . Combat Bots Only 3 | . 3 . Max Kills in Single Turn 2 | . 2 . Gunslinging 1 | . 1 . Exploded . | . . . Melee . | . . . Uniques/NPCs Destroyed . | . . . Combat | -11 -10 -10 -------- Run | Scr Mat Min Damage Taken 913 | . 321 592 Core 262 | . 54 208 Absorbed by Shields . | . . . Redirected to Shielding 10 | . . 10 Core Remaining (%) 100 | 100 . . Volleys Fired 23 | . 22 1 Largest 2 | . 2 2 Hottest 120 | . 120 85 Shots Fired 45 | . 43 2 Gun 44 | . 42 2 Cannon . | . . . Launcher . | . . . Special 1 | . 1 . Kinetic 23 | . 22 1 Thermal 22 | . 21 1 Explosive . | . . . Electromagnetic . | . . . Robot Hit Streak 16 | . 16 4 Robot Miss Streak 4 | . 4 . Penetration Max . | . . . Secondary Targets 2 | . 2 . Max Gunslinging Chain 1 | . 1 . Shots Hit Robots 27 | . 25 2 Core Hits 12 | . 11 1 Critical Kills . | . . . Critical Parts Destroyed . | . . . Critical Strikes . | . . . Melee Attacks . | . . . Impact . | . . . Slashing . | . . . Piercing . | . . . Sneak Attacks . | . . . Combat Hostiles . | . . . Follow-up Attacks . | . . . Damage Inflicted 347 | . 323 24 Guns 323 | . 299 24 Cannons . | . . . Explosions . | . . . Melee . | . . . Ramming . | . . . Kinetic 173 | . 162 11 Thermal 174 | . 161 13 Explosive . | . . . Electromagnetic . | . . . Impact . | . . . Slashing . | . . . Piercing . | . . . Highest Corruption . | . . . Average Corruption . | . . . Corruption Purged . | . . . Corruption Blocked . | . . . Overload Shots . | . . . Overflow Damage . | . . . Projectiles . | . . . Explosions . | . . . Melee . | . . . Knockbacks . | . . . Impact . | . . . Kinetic . | . . . Secondary . | . . . Self-Inflicted Damage . | . . . Shots . | . . . Rammed . | . . . Targets Rammed . | . . . Kicked . | . . . Crushed . | . . . Highest Temperature 48 | . 48 24 Average Temperature 19 | . 19 13 Received Heat Transfer 87 | . 87 . Siege Activations . | . . . Robots Corrupted . | . . . Combat Hostiles . | . . . Parts Fried . | . . . Impact Corruptions . | . . . Robots Melted . | . . . Combat Hostiles . | . . . Parts Melted . | . . . Heat Transferred 410 | . 373 37 Parts Sabotaged . | . . . Parts Stolen . | . . . Parts Stripped . | . . . Power Chain Reactions . | . . . Missiles Intercepted . | . . . Alert | -11 -10 -10 ------- Run | Scr Mat Min Peak Influence 151 | . 151 16 Initial 6 | . . 6 Average 65 | . 81 13 Maximum Alert Level . | . . . Low Security (%) 100 | 100 100 100 Level 1 . | . . . Level 2 . | . . . Level 3 . | . . . Level 4 . | . . . Level 5 . | . . . High Security . | . . . Max Security . | . . . Squads Dispatched 1 | . 1 . Investigation . | . . . Extermination . | . . . Reinforcement 1 | . 1 . Assault . | . . . Garrison . | . . . Intercept . | . . . Searches Triggered . | . . . Construction Impeded . | . . . Haulers Reinforced . | . . . Active Scanning Responses . | . . . Cargo Convoy Interrupts . | . . . Stealth | -11 -10 -10 --------- Run | Scr Mat Min Distress Signals 2 | . 2 . Communications Jammed . | . . . Distress Signals . | . . . Times Spotted 25 | . 22 3 Peak Tracking Total 5 | . 5 1 Tactical Retreats 2 | . 2 . Traps | -11 -10 -10 ------- Run | Scr Mat Min Traps Triggered . | . . . Indirectly . | . . . Trap Hack Attempts . | . . . Triggered . | . . . Disarmed . | . . . Reprogrammed . | . . . Reused . | . . . Traps Extracted . | . . . Installed . | . . . Triggered 1 | . . 1 Machines | -11 -10 -10 ---------- Run | Scr Mat Min Machines Disabled 1 | . 1 . Max in Single Turn 1 | . 1 . Machines Sabotaged . | . . . Garrisons Compromised . | . . . Overloaded Fab Kills . | . . . Hacking | -11 -10 -10 --------- Run | Scr Mat Min Machines Accessed 2 | . 2 . Terminals 2 | . 2 . Fabricators . | . . . Repair Stations . | . . . Recycling Units . | . . . Scanalyzers . | . . . Garrison Access . | . . . Total Hacks 2 | . 2 . Successful . | . . . Failed 2 | . 2 . Catastrophic . | . . . Database Lockouts . | . . . Manual 1 | . 1 . Terminals 2 | . 2 . Fabricators . | . . . Repair Stations . | . . . Recycling Units . | . . . Scanalyzers . | . . . Garrison Access . | . . . Terminal Hacks . | . . . Fabricator Hacks . | . . . Repair Station Hacks . | . . . Recycling Unit Hacks . | . . . Scanalyzer . | . . . Garrison Access Hacks . | . . . Unauthorized Hacks . | . . . Terminals . | . . . Fabricators . | . . . Repair Stations . | . . . Recycling Units . | . . . Scanalyzers . | . . . Garrison Access . | . . . Data Cores Recovered . | . . . Used . | . . . Hacking Detections 2 | . 2 . Full Trace Events . | . . . Feedback Events . | . . . Feedback Blocked . | . . . Robot Schematics Acquired . | . . . Robots Built . | . . . Authchips . | . . . Time . | . . . Total Robot Build Rating . | . . . Part Schematics Acquired . | . . . Parts Built . | . . . Authchips . | . . . Time . | . . . Total Part Build Rating . | . . . Parts Repaired . | . . . Time . | . . . Parts Recycled . | . . . Recycled Matter . | . . . Retrieved Matter . | . . . Retrieved Components . | . . . Parts Scanalyzed . | . . . Part Schematics Acquired . | . . . Parts Damaged . | . . . Bothacking | -11 -10 -10 ------------ Run | Scr Mat Min Used RIF Installer . | . . . Robots Hacked . | . . . Non-combat . | . . . Combat . | . . . Robot Hacks Applied . | . . . Relay Couplers Released . | . . . Fabnet Peak Effective % . | . . . Robots Rewired . | . . . Allies Hacked . | . . . Hacks Repelled . | . . . Allies | -11 -10 -10 -------- Run | Scr Mat Min Total Allies . | . . . Largest Group . | . . . Highest-Rated Group . | . . . Highest-Rated Ally . | . . . Total Orders . | . . . Ally Attacks . | . . . Total Damage . | . . . Kills . | . . . Allies Corrupted . | . . . Allies Melted . | . . . Intel | -11 -10 -10 ------- Run | Scr Mat Min Robot Analysis Total . | . . . Derelict Logs Recovered 1 | . . 1 Drone Launches . | . . . Drone Recoveries . | . . . Exploration | -11 -10 -10 ------------- Run | Scr Mat Min Turns Passed 1162 | 43 899 220 Spaces Moved 723 | 45 525 153 Core 8 | 3 2 3 Treads . | . . . Legs 450 | . 300 150 Wheels 265 | 42 223 . Hover . | . . . Flight . | . . . Fastest Speed 50 | 50 80 120 Average Speed 105 | 78 103 120 Slowest Speed 150 | 80 150 150 Overloaded Moves . | . . . Propulsion Burnouts . | . . . Robots Hopped . | . . . Cave-ins Triggered . | . . . Exploration Rate (%) 28 | 4 51 30 Regions Visited 2 Branch Regions 1 Pre-discovered Areas . | . . . Known Exits Taken . | . . . Unknown Exits Taken 2 | 1 1 . Scrap Searched . | . . . Spaces Dug . | . . . Terrain Destroyed . | . . . Melee . | . . . Projectile . | . . . AOE . | . . . Terrain Rammed . | . . . Walls Destroyed . | . . . Machines Disabled . | . . . Actions | -11 -10 -10 --------- Run | Scr Mat Min Total 1079 | 50 842 187 Wait 291 | . 262 29 Move 721 | 44 524 153 Hop . | . . . Pick Up 11 | 1 9 1 Fast Attach 13 | 5 7 1 Attach 3 | . 3 . Detach 5 | . 5 . Swap 1 | . 1 . Drop 10 | . 9 1 Fire 23 | . 22 1 Melee . | . . . Ram . | . . . Kick . | . . . Crush . | . . . Escape Stasis . | . . . Rewire 1 | . . 1 Trap . | . . . Miscellaneous . | . . . Route ------- -11/Scrapyard -10/Materials (discovered 2 exits: [*Mat] / [*Min]) -10/Mines History --------- Turn | Location | Event 15 | -11/Scrapyard | Discovered new exit (range 15) 44 | -11/Scrapyard | Entered Materials 313 | -10/Materials | Build established: Mutant 684 | -10/Materials | Discovered new exit (range 16) 929 | -10/Materials | Discovered new exit (range 8) 943 | -10/Materials | Entered Mines 1123 | -10/Mines | Learned Materials trap positions 1152 | -10/Mines | Core integrity fell below 50% 1156 | -10/Mines | Core integrity fell below 20% 1163 | -10/Mines | Destroyed by YI-UF0 with YI-UF0's Doublenader Last Messages --------------- 01149_ U-05 Engineer builds a Wall. 01150_ YI-UF0 mumbles something. 01150_ The unstable cave ceiling collapses. 01152_ K-01 Serf collects debris. 01153_ Assault Rifle destroyed. 01153_ YI-UF0: "KABOOM!" 01153_ K-01 Serf destroyed. 01153_ U-05 Engineer builds a Wall. 01155_ Imp. Aluminum Leg destroyed. 01155_ K-01 Serf collects debris. 01157_ U-05 Engineer lays Concrete. 01158_ The unstable cave ceiling collapses. 01158_ K-01 Serf collects debris. 01158_ U-05 Engineer lays Concrete. 01158_ K-01 Serf collects debris. 01159_ Imp. Aluminum Leg destroyed. 01159_ U-05 Engineer lays Concrete. 01162_ K-01 Serf collects debris. 01163_ The unstable cave ceiling collapses. 01163_ Particle Gun destroyed. Map ----- +----------------------------------------------------+ | #### ##" ?????????????????????????????? | | # ##?????????????????????????????????????????? | | ## #????????????#?????????????????????????????? | | ?# #???????????? ######???????????????????????? | | ?# #????????????? ##??????????????????????? | | ## #????????????? ##?????????????????????? | | #????????????? ##????????????????????? | | ###?????????????#%[ ##???????????????????? | | ##??????????????##[ #???????????????????? | | ##???????????####* #???????????????????? | | ###?????????# ?????????????????????? | | ##???????## #??????????????????????? | | ## #??????## ## ##?????????????????????? | | ?## #??????# t #?????????????????????? | | ?## ##????## g! #?????????????????????? | | ?# #???## ###???????????????????? | | ?# ##### ##??????????????????? | | ?# #??????????????????? | | ?# #??????????????????? | | ?# ###### ###????????????????? | | ?# #????## ## ##???????????????? | | ?# #?????##### # #???????????????? | | ?# ??????????### #???????????????? | | ?# ????????????## #???????????????? | | ?# ?????????????## ###???????????????? | | ?# ??????????????# @ #????????????????? | | ? $ ??????????????## # #???????????????? | | ?###???????????????# #???????????????? | | ???????????????????# #??????????????? | | ???????????????????# k ?????????????? | | ???????????????????####### ???????????? | | ?????????????????????????? k #??????????? | | ?????????????????????????? ## #?????????? | | ?????????????????????????? ##?# #????????? | | ??????????????????????????###??? #????????? | | ????????????????????????????????? ?????????? | | ?????????????????????????????????? #?????????? | | ??????????????????????????????????????????????? | | ??????????????????????????????????????????????? | | ??????????????????????????????????????????????? | | ??????????????????????????????????????????????? | | ??????????????????????????????????????????????? | | ??????????????????????????????????????????????? | | ??????????????????????????????????????????????? | | ??????????????????????????????????????????????? | | ??????????????????????????????????????????????? | | ??????????????????????????????????????????????? | | ??????????????????????????????????????????????? | | ??????????????????????????????????????????????? | | ??????????????????????????????????????????????? | +----------------------------------------------------+ Best States ------------- Heat Dissipation 25 Energy Generation 10 Energy Capacity 250 Matter Stores 300 Matter Capacity 300 Sight Range 16 Robot Scan Range 14 Terrain Scan Density 10 Power Shielding 33 Evasion (%) 55 Item Schematics ----------------- None Robot Schematics ------------------ None Fabricated ------------ Nothing Alien Tech Used ----------------- None Achievements -------------- None Challenges ------------ None Game ------ Seed GaussGlidesysAccelerator Manual? 0 Play Time 00:11:10 Cumulative 16.4 hours Start 2022.03.25 @ 03:23:57 End 2022.03.25 @ 03:33:55 Sessions 1 Manual Loads 0 Difficulty Rogue Special Mode None Game No. 59 Rogue 23 Adventurer 36 Explorer 0 Win Type - Total 0 Types 0/0/0/0/0/0/0/0/0 Lore% 14 Gallery% 19 Achievement% 15 Wizard Run 0 Options --------- ASCII 0 Keyboard 1 Movement Numpad Keybinds 0 Fullscreen 2 Font 18/X11Bold Map View 76x50 Tactical HUD 1 Map Filters NONE Filters NONE Steam 1 RUN: efafc7ee-390e-4a6f-a24b-47c4319cbdc3